 Dungeon Crawl Stone Soup version 0.24-a0-416-g56ce5178b7 (webtiles) character file.

Game seed: 14534642625274156632

32303 Azzok the Geomancer (level 13, 0/71 HPs)
             Began as an Octopode Earth Elementalist on June 9, 2019.
             Was a High Priest of Vehumet.
             Slain by a polar bear (19 damage)
             ... on level 6 of the Lair of Beasts.
             The game lasted 00:39:49 (25930 turns).

Azzok the Geomancer (Octopode Earth Elementalist)  Turns: 25930, Time: 00:39:50

Health: 0/71       AC:  1    Str:  8    XL:     13   Next: 63%
Magic:  24/28      EV: 15    Int: 21    God:    Vehumet [*****.]
Gold:   846        SH:  0    Dex: 13    Spells: 12/34 levels left

rFire    . . .     SeeInvis .   D - +2 short sword (elec)
rCold    . . .     Gourm    .   (no shield)
rNeg     + . .     Faith    .   (helmet restricted)
rPois    +         Spirit   .   (no amulet)
rElec    .         Reflect  .   r - ring of positive energy
rCorr    +         Harm     .   m - ring of poison resistance
MR       .....                  I - ring of wizardry
Stlth    ++++......             h - ring of stealth
HPRegen  0.21/turn              z - ring of resist corrosion
MPRegen  0.21/turn              (no ring)
                                (no ring)
                                (no ring)

@: no status effects
A: almost no armour, stealthy swim, amphibious, 8 rings, constrict 8, camouflage
1, gelatinous body 1
a: Renounce Religion


You were on level 6 of the Lair of Beasts.
You worshipped Vehumet.
Vehumet was extremely pleased with you.
You were not hungry.

You visited 2 branches of the dungeon, and saw 16 of its levels.
You also visited: Sewer.

You collected 1131 gold pieces.
You spent 285 gold pieces at shops.

Inventory:

Hand Weapons
 D - a +2 short sword of electrocution (weapon)
Missiles
 b - 52 stones (quivered)
Armour
 j - a +0 shield
Jewellery
 h - a ring of stealth (on tentacle)
 m - a ring of poison resistance (right tentacle)
 r - a ring of positive energy (left tentacle)
 z - a ring of resist corrosion (on tentacle)
 I - a ring of wizardry (on tentacle)
Wands
 a - a wand of digging (3)
 n - a wand of enslavement (5)
 y - a wand of random effects (19)
 C - a wand of flame (53)
 G - a wand of iceblast (12)
Scrolls
 d - 15 scrolls of remove curse
 g - 4 scrolls of enchant armour
 i - 21 scrolls of teleportation
 p - 5 scrolls of enchant weapon
 s - 3 scrolls of fog
 t - 4 scrolls of magic mapping
 v - 3 scrolls of fear
 w - 5 scrolls of amnesia
 H - a scroll of immolation
Potions
 e - 3 potions of lignification
 f - a potion of cancellation
 k - 2 potions of resistance
 l - 5 potions of agility
 o - 2 potions of heal wounds
 q - 5 potions of curing
 u - 2 potions of brilliance
 A - a potion of ambrosia
 B - 2 potions of haste
Comestibles
 c - 20 rations


   Skills:
 - Level 5.1 Dodging
 - Level 2.6 Stealth
 - Level 4.0 Shields
 + Level 11.3 Spellcasting
 + Level 11.8 Conjurations
   Level 1.0 Transmutations
 + Level 12.4 Earth Magic
 + Level 7.8 Evocations


You had 12 spell levels left.
You knew the following spells:

 Your Spells              Type           Power        Failure   Level  Hunger
a - Sandblast             Erth           ######       1%          1    None
b - Stone Arrow           Conj/Erth      ######       1%          3    None
c - Iron Shot             Conj/Erth      ######....   1%          6    ######.
d - Lee's Rapid Deconstr  Erth           ######....   1%          5    ####...
e - Orb of Destruction    Conj           ######....   4%          7    #######

Your spell library contained the following spells:

 Spells                   Type           Power        Failure   Level  Hunger
 Sticky Flame             Conj/Fire      #####...     1%          4    #......
 Freeze                   Ice            ##..         1%          1    None
 Magic Dart               Conj           ####         1%          1    None
 Passwall                 Tmut/Erth      #####...     1%          2    None
 Throw Frost              Conj/Ice       #####.       1%          2    None
 Conjure Flame            Conj/Fire      #####...     1%          3    None
 Mephitic Cloud           Conj/Pois/Air  ####....     1%          3    None
 Petrify                  Tmut/Erth      #####...     1%          4    #......
 Throw Icicle             Conj/Ice       #####...     1%          4    #......
 Bolt of Magma            Conj/Fire/Erth #####.....   1%          5    ####...
 Iskenderun's Battlesphe  Conj/Chrm      #####...     1%          5    ####...
 Venom Bolt               Conj/Pois      #####.....   1%          5    ####...
 Blink                    Tloc           N/A          3%          2    None
 Call Imp                 Summ           ##......     3%          2    None
 Slow                     Hex            ##......     3%          2    None
 Ozocubu's Armour         Chrm/Ice       ##......     7%          3    None
 Summon Ice Beast         Ice/Summ       ##......     22%         4    #......
 Spellforged Servitor     Conj/Summ      #####.....   36%         7    #######


Dungeon Overview and Level Annotations

Branches:
Dungeon (10/15)            Temple (0/1) D:7            Lair (6/6) D:8
  Swamp (0/4) Lair:2        Snake (0/4) Lair:4          Orc (0/2) D:9
  Slime: Lair:5-6

Altars:
Dithmenos
Kikubaaqudgha
Nemelex Xobeh
Qazlal
Uskayaw
Vehumet
Xom
The Shining One

Shops:
D:5 ?   D:6 =   D:10 :

Portals:
Trove: D:10 (give +5 demon whip)

Annotations:
D:9 2 transporters, Ratty's ghost, novice DEFE
Lair:1 Gastronok
Lair:3 1 exclusion


Innate Abilities, Weirdness & Mutations

You cannot wear most types of armour.
You are very stealthy in the water. (Stealth+)
You are amphibious.
You can wear up to eight rings at the same time.
You can use your tentacles to constrict eight enemies at once.
Your skin changes colour to match your surroundings (Stealth+).
Your rubbery body absorbs attacks. (AC +1, EV +1)


Message History

Casting: Sandblast (safe; 1% risk of failure)
Confirm with . or Enter, or press ? or * to list all spells.
Aiming: Sandblast (safe; 1% risk of failure)
Press: ? - help, Shift-Dir - straight line, f - blink frog
Aim: a blink frog The blast of sand hits the blink frog!!
You kill the blink frog!
Vehumet accepts your kill.
You feel your power returning.
b - 52 stones The blink frog blinks!
Casting: Sandblast (safe; 1% risk of failure)
Confirm with . or Enter, or press ? or * to list all spells.
Aiming: Stone Arrow (safe; 1% risk of failure)
Press: ? - help, Shift-Dir - straight line, f - polar bear
Aim: a polar bear The stone arrow hits the polar bear.
The polar bear is lightly wounded.
The polar bear bites you!!
You die...

···▒▒ ▒▒·▒▒▒▒▒▒▒
P·▒▒▒▒▒▒ ▒▒··▒▒≈▒▒▒▒
[···▒··▒· ▒▒··≈≈≈♣P▒▒
···▒▒···· ▒▒····≈P≈≈▒▒
·▒▒·P·····
▒▒······PP≈≈▒ ··
P······▒▒▒·····!·P≈≈≈▒
··
········▒········≈≈≈♣
··
·········P·······≈≈♣▒
·
············P@·▒♣PP▒▒
F
·············h·▒▒▒▒≈▒
·····P·····†···▒·▒·▒▒
····················▒
····················▒
················)···▒
··P·················▒
···············▒
···············▒


You could see a polar bear.

Vanquished Creatures
  Nessos (Lair:5)
  3 hydras
  A two-headed ogre (D:8)
  Urug (Lair:5)
  A harpy (Lair:6)
  10 elephants
  A black mamba (Lair:2)
  A spiny frog (Lair:5)
  A torpor snail (Lair:3)
  A gargoyle (D:10)
  2 rime drakes (Lair:6)
  3 komodo dragons
  A troll (D:9)
  A polar bear (Lair:4)
  20 blink frogs
  4 dream sheep (Lair:3)
  4 hippogriffs
  Eustachio (D:5)
  3 hogs (D:7)
  36 yaks
  A steam dragon (D:10)
  A human (D:7)
  Menkaure (D:6)
  3 nagas (Lair:4)
  Edmund (D:5)
  11 water moccasins
  12 porcupines
  3 sky beasts
  2 black bears (D:10)
  4 orc warriors
  A phantom (D:10)
  7 centaurs
  15 wolves
  2 ogres
  11 crocodiles
  19 bullfrogs
  A big kobold (D:8)
  6 scorpions
  A wyvern skeleton (D:9)
  6 killer bees (D:9)
  6 howler monkeys
  6 crimson imps
  4 jellies
  A centaur zombie (D:9)
  A gnoll shaman (D:4)
  4 hounds
  3 orc priests (D:4)
  Crazy Yiuf (D:6)
  2 bullfrog skeletons
  4 orc wizards
  A hell rat (D:8)
  6 worker ants
  A hound zombie (D:6)
  A hound skeleton (D:6)
  2 worker ant zombies
  10 gnolls
  14 adders
  15 river rats
  2 shadow imps
  2 oozes
  A worm (D:3)
  3 dart slugs
  8 leopard geckos
  26 orcs
  2 bats
  4 giant cockroaches
  5 goblins
  7 hobgoblins
  19 jackals
  21 kobolds
  6 quokkas
  12 ball pythons
  A ball python skeleton (D:4)
  10 frilled lizards
  A jackal skeleton (D:7)
  A leopard gecko skeleton (D:7)
  2 quokka skeletons
  43 rats
  A fungus (Lair:2)
  A plant (Lair:5)
464 creatures vanquished.

Vanquished Creatures (others)
  24 fungi
  18 plants
42 creatures vanquished.

Grand Total: 506 creatures vanquished

Notes
Turn   | Place    | Note
-------+----------+-------------------------------------------
     0 | D:1      | Azzok the Octopode Earth Elementalist began the quest for
                  | the Orb.
     0 | D:1      | Reached XP level 1. HP: 11/11 MP: 3/3
    71 | D:1      | Reached XP level 2. HP: 4/17 MP: 0/5
   334 | D:1      | You fall into a shaft and drop 1 floor!
   714 | D:2      | Reached XP level 3. HP: 21/21 MP: 4/6
   719 | D:2      | Learned a level 3 spell: Stone Arrow
  1996 | D:2      | Found a sparkling altar of Nemelex Xobeh.
  2193 | D:2      | Reached skill level 1 in Conjurations
  2193 | D:2      | Reached XP level 4. HP: 27/27 MP: 4/8
  2641 | D:3      | Reached skill level 4 in Earth Magic
  2768 | D:3      | Reached XP level 5. HP: 18/31 MP: 1/9
  2774 | D:3      | Found a glowing drain.
  2825 | Sewer    | Entered a sewer
  3438 | Sewer    | Reached XP level 6. HP: 21/36 MP: 0/11
  3925 | Sewer    | Learned a level 5 spell: Lee's Rapid Deconstruction
  4021 | Sewer    | Reached skill level 5 in Earth Magic
  5172 | D:4      | Reached XP level 7. HP: 41/41 MP: 6/13
  6040 | D:5      | Entered Level 5 of the Dungeon
  6705 | D:5      | Reached skill level 5 in Spellcasting
  6829 | D:5      | Noticed Edmund
  6839 | D:5      | Killed Edmund
  6839 | D:5      | Reached skill level 6 in Earth Magic
  6839 | D:5      | Reached XP level 8. HP: 21/46 MP: 0/15
  7298 | D:5      | Noticed Eustachio
  7530 | D:5      | Killed Eustachio
  7530 | D:5      | Reached skill level 5 in Conjurations
  7740 | D:5      | Found Niurgh's Magic Scroll Shop.
  7743 | D:5      | Bought a scroll of identify for 22 gold pieces
  7743 | D:5      | Bought 2 scrolls of identify for 44 gold pieces
  7743 | D:5      | Bought a scroll of teleportation for 33 gold pieces
  7743 | D:5      | Bought a scroll of teleportation for 33 gold pieces
  7743 | D:5      | Bought a scroll of remove curse for 33 gold pieces
  7743 | D:5      | Bought a scroll of amnesia for 38 gold pieces
  7743 | D:5      | Bought a scroll of enchant armour for 82 gold pieces
  8106 | D:6      | Noticed Menkaure
  8111 | D:6      | Killed Menkaure
  8324 | D:6      | Reached skill level 7 in Earth Magic
  8560 | D:6      | Reached XP level 9. HP: 51/51 MP: 11/18
  8651 | D:6      | Found a radiant altar of Vehumet.
  8662 | D:6      | Became a worshipper of Vehumet
  9185 | D:6      | Found Amotyvas's Jewellery Shop.
  9188 | D:6      | Found a glowing golden altar of the Shining One.
  9195 | D:6      | Found a hide-covered altar of Uskayaw.
  9198 | D:6      | Found a shimmering altar of Xom.
  9225 | D:6      | Found a shadowy altar of Dithmenos.
  9226 | D:6      | Found a stormy altar of Qazlal.
  9287 | D:6      | Found a runed translucent door.
  9288 | D:6      | Noticed Crazy Yiuf
  9478 | D:6      | Killed Crazy Yiuf
 10249 | D:7      | Reached skill level 8 in Earth Magic
 10564 | D:7      | Reached XP level 10. HP: 56/56 MP: 14/21
 10632 | D:7      | Found a staircase to the Ecumenical Temple.
 10724 | D:7      | Reached * piety under Vehumet
 10724 | D:7      | Offered knowledge of Flame Tongue by Vehumet.
 11637 | D:8      | Found the +2 ratskin cloak {+Rats rPois rN+ Str-1 Int-1
                  | Dex+1}
 11790 | D:8      | Noticed a two-headed ogre
 11803 | D:8      | Killed a two-headed ogre
 11803 | D:8      | Reached skill level 1 in Shields
 11803 | D:8      | Reached skill level 9 in Earth Magic
 11952 | D:8      | Offered knowledge of Shock by Vehumet.
 11993 | D:8      | Reached ** piety under Vehumet
 12114 | D:8      | Found a staircase to the Lair.
 12480 | D:8      | Found a shadowy altar of Dithmenos.
 13392 | D:9      | Found a transporter.
 13393 | D:9      | Noticed Ratty's ghost (novice DEFE)
 13455 | D:9      | Noticed a two-headed ogre
 13456 | D:9      | Found a transporter.
 13456 | D:9      | Identified the +3 great mace "Gimoll" {drain, Str+7}
 13456 | D:9      | Noticed a two-headed ogre
 13547 | D:9      | Found a staircase to the Orcish Mines.
 13772 | D:9      | Offered knowledge of Dazzling Spray by Vehumet.
 14249 | D:10     | Entered Level 10 of the Dungeon
 14249 | D:10     | Noticed a gargoyle
 14251 | D:10     | Killed a gargoyle
 14251 | D:10     | Reached XP level 11. HP: 61/61 MP: 19/23
 14315 | D:10     | Reached *** piety under Vehumet
 14381 | D:10     | Found Yzenem's Book Shoppe.
 14417 | D:10     | Found an ancient bone altar of Kikubaaqudgha.
 14979 | D:10     | Found a portal to a secret trove of treasure.
 15061 | D:10     | Offered knowledge of Fulminant Prism by Vehumet.
 15759 | Lair:1   | Entered Level 1 of the Lair of Beasts
 15954 | Lair:1   | Noticed a four-headed hydra
 15961 | Lair:1   | Killed a four-headed hydra
 15961 | Lair:1   | Reached skill level 5 in Dodging
 15961 | Lair:1   | Reached skill level 10 in Earth Magic
 17036 | Lair:1   | Noticed Gastronok
 17130 | Lair:1   | Learned a level 6 spell: Iron Shot
 17830 | Lair:2   | Found a staircase to the Swamp.
 17911 | Lair:2   | Learned a level 7 spell: Orb of Destruction
 17989 | Lair:2   | Reached skill level 1 in Evocations
 18353 | Lair:2   | You fall into a shaft and drop 2 floors!
 18612 | Lair:2   | Reached skill level 10 in Conjurations
 18627 | Lair:2   | Reached **** piety under Vehumet
 18627 | Lair:2   | Reached XP level 12. HP: 66/66 MP: 17/25
 18771 | Lair:2   | Noticed an eight-headed hydra
 18960 | Lair:2   | Offered knowledge of Bolt of Draining by Vehumet.
 19238 | Lair:2   | Reached skill level 11 in Earth Magic
 19243 | Lair:2   | Reached skill level 10 in Spellcasting
 20591 | Lair:3   | Killed an eight-headed hydra
 20716 | Lair:3   | Reached skill level 5 in Evocations
 21824 | Lair:4   | Found a staircase to the Snake Pit.
 22660 | Lair:5   | Noticed Urug
 22664 | Lair:5   | Killed Urug
 22919 | Lair:5   | Reached XP level 13. HP: 71/71 MP: 10/27
 23134 | Lair:5   | Noticed Nessos
 23581 | Lair:5   | Killed Nessos
 24152 | Lair:5   | Reached skill level 12 in Earth Magic
 24970 | Lair:6   | Entered Level 6 of the Lair of Beasts
 25509 | Lair:6   | Reached ***** piety under Vehumet
 25509 | Lair:6   | Offered knowledge of Sticky Flame by Vehumet.
 25930 | Lair:6   | Slain by a polar bear

Levels and vault maps discovered:
D:1:      dpeg_arrival_pits, layout_rooms, serial_curves, eino_curves_04,
          eino_curves_01, eino_curves_03
D:2:      layout_basic, nemelex_xobeh_ov_fountains_minmay
D:3:      layout_basic, gup_sewer_entry_bubbles
D:4:      layout_basic, first_ration
D:5:      layout_gridville, serial_shops, kennysheep_mini, minmay_liquid_box,
          uniq_eustachio, uniq_edmund
D:6:      layout_cave_pools, nicolae_overflow_hidden_temple, serial_shops, shop,
          vehumet_altar_wand_db, uniq_crazy_yiuf_cottage, uniq_menkaure
D:7:      layout_gridville, minmay_temple_entry_glassed_door, grunt_livestock
D:8:      wander_guarded_unrand_ratskin, layout_basic, lair_entry_dummy,
          grunt_dithmenos_smoke
D:9:      layout_small_grid, orc_david_3, gammafunk_ghost_smash
D:10:     layout_roguey, nicolae_trove_entry_crystal, serial_shops,
          nicolae_shop_trees, basic_altar, grunt_decor_one_mirror
Lair:1:   layout_long_grid, serial_forest, infiniplex_forest_3_way,
          infiniplex_forest_lined_room_2, infiniplex_forest_end_double,
          infiniplex_forest_clump_tiny, infiniplex_forest_lined_room_3,
          infiniplex_forest_lined_2, infiniplex_forest_lined_room_2,
          infiniplex_forest_split, uniq_gastronok
Lair:2:   layout_regular_city, swamp_mist_pool, st_stairs_7, beast_lair_carwin_3
Lair:3:   layout_cave_pods, st_stairs_13, grunt_forest_stairs_basic,
          worms_lemuel
Lair:4:   layout_roguey, guppyfry_snake_entry_island
Lair:5:   layout_small_grid, uniq_nessos, uniq_urug
Lair:6:   gammafunk_lair_ancient_temple, layout_cave_shapes, slime_altar_2,
          serial_bayou_shore_b

Skill      XL: |  1  2  3  4  5  6  7  8  9 10 11 12 13 |
---------------+----------------------------------------+-----
Spellcasting   | 3 4 5 6 7 8 9 10 11 | 11.3
Conjurations   | 1 2 3 4 6 7 8 10 11 | 11.8
Earth Magic    | 4 5 6 7 8 9 10 11 12 | 12.4
Shields        | 3 4 |  4.0
Dodging        | 4 5 |  5.1
Evocations     | 2 6 7 |  7.8
Stealth        | |  2.6
Transmutations | |  1.0

Action                   |  1- 3 |  4- 6 |  7- 9 | 10-12 | 13-15 || total
-------------------------+-------+-------+-------+-------+-------++-------
Melee: Unarmed           |    36 |     7 |       |       |       ||    43
       Constrict         |     7 |    15 |     9 |     8 |     1 ||    40
       Tentacles         |     5 |     4 |     5 |     5 |     1 ||    20
       Dagger            |       |    40 |    30 |       |       ||    70
       Short sword       |       |       |     2 |    31 |     3 ||    36
 Cast: Sandblast         |    31 |    50 |    31 |   109 |    69 ||   290
       Stone Arrow       |    16 |    41 |   106 |   264 |    19 ||   446
       Lee's Rapid Decon |       |       |     7 |    22 |       ||    29
       Orb of Destructio |       |       |       |    19 |    20 ||    39
       Iron Shot         |       |       |       |     8 |     3 ||    11
Evoke: Wand              |       |       |       |       |     1 ||     1
  Use: Scroll            |       |     6 |     5 |     9 |     9 ||    29
       Potion            |       |       |       |       |     5 ||     5
 Stab: Sleeping          |       |     3 |     4 |     2 |       ||     9
  Eat: Chunk             |     6 |    12 |    16 |    36 |    11 ||    81
       Ration            |       |       |     2 |     5 |     3 ||    10
Armor: Skin              |     9 |    14 |     2 |     4 |     7 ||    36
Dodge: Dodged            |    43 |    65 |    48 |   101 |    35 ||   292

Table legend:
 A = Non-vault XP
 B = Vault XP
 C = Vault XP percentage of total XP
 D = Non-vault monster count
 E = Vault monster count
 F = Vault count percentage of total count
                 A         B        C        D         E       F
            +---------+---------+-------+---------+---------+-------
      Total |   38434 |    7714 |  16.7 |     355 |     107 |  23.2
            +---------+---------+-------+---------+---------+-------
        D:1 |      42 |       0 |   0.0 |      26 |       0 |   0.0
        D:2 |      54 |       0 |   0.0 |      20 |       0 |   0.0
        D:3 |      65 |      35 |  35.0 |      22 |       7 |  24.1
        D:4 |     291 |       0 |   0.0 |      21 |       0 |   0.0
        D:5 |     437 |     355 |  44.8 |      18 |       2 |  10.0
        D:6 |    1049 |     216 |  17.1 |      19 |       3 |  13.6
        D:7 |    1282 |     948 |  42.5 |      29 |       5 |  14.7
        D:8 |    1571 |     124 |   7.3 |      17 |      21 |  55.3
        D:9 |    1727 |     270 |  13.5 |      34 |       3 |   8.1
       D:10 |    2756 |       0 |   0.0 |      26 |       0 |   0.0
     Lair:1 |    3705 |       0 |   0.0 |      20 |       0 |   0.0
     Lair:2 |    6651 |     943 |  12.4 |      31 |       7 |  18.4
     Lair:3 |    5247 |      88 |   1.6 |      22 |       1 |   4.3
     Lair:4 |     592 |     489 |  45.2 |       4 |       3 |  42.9
     Lair:5 |    6905 |    2153 |  23.8 |      25 |       2 |   7.4
     Lair:6 |    6060 |    1686 |  21.8 |      21 |       5 |  19.2
      Sewer |       0 |     407 | 100.0 |       0 |      48 | 100.0
            +---------+---------+-------+---------+---------+-------
